General information
- name: BNet
- type: Ladder team game (AT/RT)
- host: Battle.net
- saver: 6THGRADEDROPOUT
map: DragonFalls
- players: 8
- length: 20:35
- speed: Fast
- version: 1.26 W3XP
- replay type: Public
» download(162 KB)
Players
team 1 (loser)

»
johnfrusciante- (
purple | 81 APM | 1665 actions | 20:29)
6 Tauren Chieftain
3 Endurance Aura
2 Shockwave
1 War Stomp
3 Pandaren Brewmaster
2 Breath of Fire
1 Drunken Haze
» actions
| Assign group hotkey | 32 | |
| Basic commands | 2 | |
| Build / train | 107 | |
| Enter build submenu | 16 | |
| Enter hero's abilities submenu | 9 | |
| Give item / drop item | 4 | |
| Remove unit from queue | 1 | |
| Right click | 829 | |
| Select / deselect | 406 | |
| Select group hotkey | 121 | |
| Use ability | 138 | |
1665 total
» units
| Peon | 19 | |
| Grunt | 11 | |
| Raider | 4 | |
| Troll Batrider | 21 | |
55 total
» upgrades
| Berserker Strength | 1 | |
| Ensnare | 1 | |
| Melee Weapons | 2 | |
| Armor | 2 | |
| Pillage | 1 | |
| Reinforced Defenses | 1 | |
8 total
» buildings
| Altar of Storms | 1 | |
| Orc Burrow | 7 | |
| Barracks | 1 | |
| Voodoo Lounge | 1 | |
| Stronghold | 1 | |
| Great Hall | 2 | |
| Beastiary | 3 | |
| War Mill | 1 | |
| Fortress | 1 | |
18 total
» build order
00:07 Altar of Storms
00:19 Orc Burrow
00:36 Barracks
01:35 Orc Burrow
01:59 Voodoo Lounge
02:48 Stronghold
03:58 Great Hall
04:27 Orc Burrow
05:40 Beastiary
06:53 Beastiary
08:11 Orc Burrow
09:25 Orc Burrow
09:27 War Mill
10:11 Great Hall
14:14 Fortress
16:23 Beastiary
17:04 Orc Burrow
17:05 Orc Burrow
» items
| Healing Salve | 3 | |
| Scroll of Speed | 2 | |
| Lesser Clarity Potion | 4 | |
| Potion of Mana | 1 | |
| Potion of Healing | 1 | |
| Scroll of Town Portal | 2 | |
| Scroll of Regeneration | 1 | |
| Tome of Retraining | 1 | |
| Staff of Teleportation | 1 | |
16 total

»
orc.king5467 (
yellow | 52 APM | 1073 actions | 20:32)
5 Dreadlord
3 Vampiric Aura
2 Sleep
» actions
| Assign group hotkey | 32 | |
| Basic commands | 22 | |
| Build / train | 86 | |
| Enter build submenu | 19 | |
| Enter hero's abilities submenu | 5 | |
| Right click | 312 | |
| Select / deselect | 331 | |
| Select group hotkey | 209 | |
| Use ability | 57 | |
1073 total
» units
| Acolyte | 10 | |
| Ghoul | 22 | |
| Gargoyle | 1 | |
| Necromancer | 9 | |
| Obsidian Statue | 2 | |
| Meatwagon | 2 | |
| Abomination | 7 | |
| Crypt Fiend | 3 | |
56 total
» upgrades
| Unholy Strength | 2 | |
| Skeletal Longevity | 1 | |
| Cannibalize | 1 | |
| Exhume Corpses | 1 | |
| Unholy Armor | 1 | |
| Necromancer Training | 1 | |
| Disease Cloud | 1 | |
| Skeletal Mastery | 1 | |
| Ghoul Frenzy | 1 | |
| Web | 1 | |
11 total
» buildings
| Altar of Darkness | 1 | |
| Crypt | 2 | |
| Ziggurat | 9 | |
| Tomb of Relics | 1 | |
| Nerubian Tower | 3 | |
| Halls of the Dead | 1 | |
| Graveyard | 1 | |
| Temple of the Damned | 1 | |
| Slaughterhouse | 2 | |
| Black Citadel | 1 | |
| Spirit Tower | 4 | |
26 total
» build order
00:10 Altar of Darkness
00:14 Crypt
00:17 Ziggurat
01:02 Ziggurat
01:30 Tomb of Relics
01:53 Nerubian Tower
02:26 Crypt
03:21 Ziggurat
04:23 Halls of the Dead
05:39 Nerubian Tower
05:41 Graveyard
06:02 Nerubian Tower
06:06 Ziggurat
09:32 Temple of the Damned
09:34 Slaughterhouse
10:04 Ziggurat
10:32 Black Citadel
11:41 Ziggurat
11:42 Spirit Tower
11:44 Ziggurat
12:36 Spirit Tower
15:05 Slaughterhouse
17:04 Ziggurat
17:06 Ziggurat
18:04 Spirit Tower
18:59 Spirit Tower
» items
| Rod of Necromancy | 1 | |
| Scroll of Town Portal | 1 | |
| Potion of Healing | 1 | |
| Dust of Appearance | 1 | |
4 total

»
Flintpinstitch (
green | 36 APM | 743 actions | 20:34)
4 Paladin
1 Holy Light
1 Devotion Aura
2 Divine Shield
» actions
| Assign group hotkey | 19 | |
| Basic commands | 40 | |
| Build / train | 72 | |
| Enter build submenu | 28 | |
| Enter hero's abilities submenu | 4 | |
| Right click | 134 | |
| Select / deselect | 253 | |
| Select group hotkey | 114 | |
| Use ability | 79 | |
743 total
» units
| Peasant | 10 | |
| Footman | 5 | |
| Knight | 5 | |
| Goblin Shredder | 1 | |
| Flying Machine | 14 | |
35 total
» upgrades
| Defend | 1 | |
| Plating | 2 | |
| Swords | 2 | |
| Lumber Harvesting | 2 | |
| Masonry | 1 | |
| Animal War Training | 1 | |
| Priest Training | 1 | |
| Flak Cannons | 1 | |
| Gunpowder | 1 | |
12 total
» buildings
| Altar of Kings | 1 | |
| Farm | 7 | |
| Barracks | 2 | |
| Lumber Mill | 2 | |
| Blacksmith | 1 | |
| Arcane Vault | 2 | |
| Keep | 1 | |
| Castle | 1 | |
| Arcane Sanctum | 1 | |
| Scout Tower | 4 | |
| Arcane Tower | 1 | |
| Guard Tower | 3 | |
| Town Hall | 1 | |
| Workshop | 2 | |
29 total
» build order
00:10 Altar of Kings
00:15 Farm
00:58 Barracks
01:37 Lumber Mill
01:53 Barracks
02:00 Farm
02:23 Blacksmith
02:54 Farm
02:59 Arcane Vault
04:42 Farm
06:20 Keep
08:43 Castle
08:50 Arcane Sanctum
09:32 Scout Tower
09:35 Scout Tower
10:32 Arcane Tower
10:36 Scout Tower
10:40 Scout Tower
10:48 Guard Tower
11:04 Lumber Mill
11:20 Arcane Vault
11:24 Guard Tower
11:45 Farm
15:04 Town Hall
15:26 Farm
16:23 Guard Tower
16:37 Workshop
17:23 Workshop
18:44 Farm
» items
| Scroll of Regeneration | 2 | |
| Healing Salve | 1 | |
| Lesser Clarity Potion | 2 | |
| Rod of Necromancy | 1 | |
| Scroll of Town Portal | 2 | |
| Ivory Tower | 4 | |
| Orb of Fire | 1 | |
| Scroll of Speed | 1 | |
14 total

»
MASTER_SPLINTER (
orange | 54 APM | 1105 actions | 20:22)
4 Death Knight
2 Death Coil
2 Unholy Aura
» actions
| Assign group hotkey | 21 | |
| Basic commands | 18 | |
| Build / train | 60 | |
| Enter build submenu | 21 | |
| Enter hero's abilities submenu | 4 | |
| Remove unit from queue | 2 | |
| Right click | 445 | |
| Select / deselect | 299 | |
| Select group hotkey | 174 | |
| Use ability | 61 | |
1105 total
» units
| Acolyte | 5 | |
| Ghoul | 8 | |
| Crypt Fiend | 10 | |
| Necromancer | 10 | |
33 total
» upgrades
| Skeletal Longevity | 1 | |
| Necromancer Training | 2 | |
| Unholy Strength | 2 | |
| Skeletal Mastery | 1 | |
| Unholy Armor | 1 | |
| Web | 1 | |
8 total
» buildings
| Ziggurat | 7 | |
| Altar of Darkness | 1 | |
| Crypt | 2 | |
| Graveyard | 1 | |
| Nerubian Tower | 1 | |
| Tomb of Relics | 1 | |
| Halls of the Dead | 1 | |
| Spirit Tower | 4 | |
| Temple of the Damned | 2 | |
| Black Citadel | 1 | |
| Slaughterhouse | 1 | |
22 total
» build order
00:20 Ziggurat
00:31 Altar of Darkness
00:36 Crypt
00:55 Ziggurat
01:31 Graveyard
02:29 Ziggurat
02:45 Nerubian Tower
03:03 Tomb of Relics
05:05 Halls of the Dead
05:15 Ziggurat
06:44 Spirit Tower
06:55 Spirit Tower
07:07 Spirit Tower
08:32 Temple of the Damned
08:35 Temple of the Damned
09:21 Black Citadel
09:38 Ziggurat
13:20 Ziggurat
13:23 Ziggurat
14:59 Spirit Tower
15:08 Crypt
18:02 Slaughterhouse
» items
| Rod of Necromancy | 1 | |
| Scroll of Town Portal | 2 | |
| Orb of Fire | 1 | |
4 total
team 2 (winner)
peonthings (
red | 69 APM | 1425 actions | 20:34)
5 Death Knight
3 Death Coil
2 Unholy Aura
4 Lich
2 Frost Nova
2 Frost Armor
» actions
| Assign group hotkey | 29 | |
| Basic commands | 1 | |
| Build / train | 70 | |
| Enter build submenu | 19 | |
| Enter hero's abilities submenu | 9 | |
| Give item / drop item | 1 | |
| Remove unit from queue | 3 | |
| Right click | 675 | |
| Select / deselect | 164 | |
| Select group hotkey | 394 | |
| Use ability | 60 | |
1425 total
» units
| Acolyte | 7 | |
| Ghoul | 8 | |
| Crypt Fiend | 8 | |
| Frost Wyrm | 3 | |
| Green Dragon | 1 | |
27 total
» upgrades
| Creature Attack | 3 | |
| Burrow | 1 | |
| Creature Carapace | 3 | |
| Web | 1 | |
| Freezing Breath | 1 | |
| Ghoul Frenzy | 1 | |
| Unholy Strength | 1 | |
11 total
» buildings
| Graveyard | 1 | |
| Crypt | 1 | |
| Ziggurat | 8 | |
| Altar of Darkness | 1 | |
| Tomb of Relics | 1 | |
| Halls of the Dead | 1 | |
| Spirit Tower | 5 | |
| Black Citadel | 1 | |
| Sacrificial Pit | 1 | |
| Nerubian Tower | 1 | |
| Necropolis | 1 | |
| Boneyard | 2 | |
24 total
» build order
00:16 Graveyard
00:21 Crypt
00:41 Ziggurat
01:03 Altar of Darkness
01:48 Tomb of Relics
01:52 Ziggurat
04:19 Ziggurat
04:57 Ziggurat
05:40 Halls of the Dead
06:04 Spirit Tower
09:08 Black Citadel
09:14 Sacrificial Pit
09:24 Ziggurat
09:41 Nerubian Tower
09:44 Ziggurat
09:50 Necropolis
10:33 Spirit Tower
11:30 Boneyard
11:35 Boneyard
11:37 Ziggurat
14:22 Ziggurat
14:25 Spirit Tower
17:57 Spirit Tower
18:01 Spirit Tower
» items
| Rod of Necromancy | 1 | |
| Sacrificial Skull | 1 | |
| Potion of Healing | 3 | |
| Potion of Mana | 2 | |
| Orb of Corruption | 1 | |
| Scroll of Healing | 1 | |
| Scroll of Town Portal | 1 | |
10 total
ChioDoS-iZ-SiK (
pink | 53 APM | 1097 actions | 20:34)
5 Death Knight
3 Death Coil
2 Unholy Aura
3 Lich
2 Frost Nova
1 Frost Armor
3 Crypt Lord
1 Impale
2 Spiked Carapace
» actions
| Assign group hotkey | 20 | |
| Basic commands | 1 | |
| Build / train | 60 | |
| Enter build submenu | 18 | |
| Enter hero's abilities submenu | 11 | |
| Give item / drop item | 3 | |
| Right click | 396 | |
| Select / deselect | 250 | |
| Select group hotkey | 271 | |
| Use ability | 67 | |
1097 total
» units
| Acolyte | 4 | |
| Ghoul | 5 | |
| Crypt Fiend | 17 | |
| Frost Wyrm | 3 | |
29 total
» upgrades
| Creature Carapace | 3 | |
| Creature Attack | 2 | |
| Web | 1 | |
6 total
» buildings
| Crypt | 1 | |
| Graveyard | 1 | |
| Ziggurat | 6 | |
| Altar of Darkness | 1 | |
| Tomb of Relics | 1 | |
| Halls of the Dead | 1 | |
| Black Citadel | 1 | |
| Sacrificial Pit | 1 | |
| Boneyard | 2 | |
| Necropolis | 1 | |
16 total
» build order
00:12 Crypt
00:14 Graveyard
00:43 Ziggurat
00:58 Altar of Darkness
01:58 Ziggurat
02:01 Tomb of Relics
03:39 Ziggurat
05:02 Halls of the Dead
06:32 Ziggurat
09:04 Black Citadel
09:58 Sacrificial Pit
10:00 Ziggurat
11:03 Ziggurat
11:26 Boneyard
11:53 Boneyard
14:51 Necropolis
» items
| Rod of Necromancy | 1 | |
| Potion of Mana | 1 | |
| Potion of Healing | 4 | |
| Orb of Corruption | 1 | |
| Scroll of Town Portal | 1 | |
8 total

»
6THGRADEDROPOUT (
teal | 86 APM | 1762 actions | 20:35)
4 Blademaster
2 Wind Walk
2 Critical Strike
3 Shadow Hunter
1 Hex
2 Healing Wave
2 Tauren Chieftain
1 Shockwave
1 Endurance Aura
» actions
| Assign group hotkey | 55 | |
| Basic commands | 4 | |
| Build / train | 55 | |
| Enter build submenu | 11 | |
| Enter hero's abilities submenu | 9 | |
| Give item / drop item | 9 | |
| Right click | 891 | |
| Select / deselect | 160 | |
| Select group hotkey | 474 | |
| Use ability | 94 | |
1762 total
» units
| Peon | 7 | |
| Grunt | 4 | |
| Raider | 3 | |
| Wind Rider | 5 | |
| Troll Batrider | 2 | |
21 total
» upgrades
| Ensnare | 1 | |
| Melee Weapons | 2 | |
| Reinforced Defenses | 1 | |
| Armor | 1 | |
| Envenomed Spears | 1 | |
| Ranged Weapons | 1 | |
7 total
» buildings
| Altar of Storms | 1 | |
| Orc Burrow | 6 | |
| Barracks | 1 | |
| Voodoo Lounge | 1 | |
| Stronghold | 1 | |
| War Mill | 1 | |
| Beastiary | 2 | |
| Fortress | 1 | |
14 total
» build order
00:07 Altar of Storms
00:22 Orc Burrow
00:37 Barracks
01:26 Orc Burrow
01:56 Voodoo Lounge
03:00 Stronghold
03:49 Orc Burrow
04:14 Orc Burrow
04:46 War Mill
05:45 Beastiary
05:47 Beastiary
08:26 Fortress
14:59 Orc Burrow
» items
| Healing Salve | 3 | |
| Lesser Clarity Potion | 1 | |
| Scroll of Town Portal | 3 | |
| Potion of Lesser Invulnerability | 1 | |
| Scroll of Healing | 2 | |
| Boots of Speed | 1 | |
11 total

»
Accension (
blue | 66 APM | 1362 actions | 20:34)
3 Dreadlord
2 Vampiric Aura
1 Sleep
3 Crypt Lord
2 Spiked Carapace
1 Impale
» actions
| Assign group hotkey | 53 | |
| Basic commands | 44 | |
| Build / train | 73 | |
| ESC pressed | 1 | |
| Enter build submenu | 33 | |
| Enter hero's abilities submenu | 7 | |
| Remove unit from queue | 5 | |
| Right click | 504 | |
| Select / deselect | 347 | |
| Select group hotkey | 248 | |
| Use ability | 47 | |
1362 total
» units
| Acolyte | 9 | |
| Ghoul | 13 | |
| Obsidian Statue | 2 | |
| Abomination | 7 | |
31 total
» upgrades
| Unholy Strength | 4 | |
| Unholy Armor | 3 | |
| Cannibalize | 1 | |
| Ghoul Frenzy | 1 | |
| Disease Cloud | 1 | |
10 total
» buildings
| Crypt | 2 | |
| Ziggurat | 13 | |
| Altar of Darkness | 1 | |
| Graveyard | 3 | |
| Tomb of Relics | 2 | |
| Nerubian Tower | 4 | |
| Spirit Tower | 3 | |
| Halls of the Dead | 1 | |
| Black Citadel | 1 | |
| Slaughterhouse | 4 | |
34 total
» build order
00:08 Crypt
00:21 Ziggurat
00:38 Altar of Darkness
01:09 Crypt
01:38 Graveyard
02:05 Ziggurat
02:33 Ziggurat
02:37 Ziggurat
04:32 Tomb of Relics
05:29 Nerubian Tower
05:40 Nerubian Tower
06:07 Ziggurat
06:47 Spirit Tower
07:16 Nerubian Tower
07:23 Halls of the Dead
07:55 Ziggurat
08:02 Ziggurat
08:06 Tomb of Relics
08:08 Graveyard
08:34 Ziggurat
08:38 Ziggurat
08:40 Ziggurat
09:50 Black Citadel
10:04 Slaughterhouse
10:12 Slaughterhouse
10:15 Slaughterhouse
10:48 Spirit Tower
10:49 Spirit Tower
11:31 Ziggurat
11:35 Ziggurat
11:58 Slaughterhouse
12:52 Nerubian Tower
17:51 Ziggurat
18:08 Graveyard
» items
| Scroll of Town Portal | 2 | |
| Orb of Corruption | 1 | |
| Boots of Speed | 1 | |
4 total
Chat log
(00:08 / Allies) ChioDoS-iZ-SiK: 100g?
(00:08 / Allies) ChioDoS-iZ-SiK: please
(00:22 / Allies) ChioDoS-iZ-SiK: let's rush
(00:29 / Allies) peonthings: fiends here
(00:31 / All) 6THGRADEDROPOUT: ninja turtles!
(00:33 / Allies) ChioDoS-iZ-SiK: fiends here
(00:35 / Allies) ChioDoS-iZ-SiK: blue ghouls?
(00:39 / Allies) Accension: k
(00:47 / Allies) ChioDoS-iZ-SiK: rush?
(00:52 / Allies) ChioDoS-iZ-SiK: dk hero for me
(00:57 / Allies) peonthings: same
(01:04 / Allies) ChioDoS-iZ-SiK: blue dl sleep?
(01:12 / Allies) Accension: k
(01:18 / Allies) ChioDoS-iZ-SiK: rush asap
(01:36 / Allies) 6THGRADEDROPOUT: dont let them boss u around blue
(01:44 / Allies) Accension: k
(01:48 / Allies) ChioDoS-iZ-SiK: :P
(01:52 / Allies) Accension: lol
(02:20 / Allies) peonthings: fast expo and go
(02:24 / Allies) ChioDoS-iZ-SiK: sure
(02:31 / Allies) peonthings: can do iwth a fiend and hero a piece
(02:37 / Allies) ChioDoS-iZ-SiK: yea
(02:51 / Allies) 6THGRADEDROPOUT: i require ur assistance blue
(03:13 / Allies) peonthings: rdy?
(03:18 / Allies) ChioDoS-iZ-SiK: yes
(03:30 / Allies) peonthings: pulling
(03:40 / Allies) 6THGRADEDROPOUT: u take
(03:42 / Allies) peonthings: ...
(03:46 / Allies) Accension: k
(04:07 / Allies) ChioDoS-iZ-SiK: rdy?
(04:14 / Allies) ChioDoS-iZ-SiK: meet where?
(04:43 / Allies) ChioDoS-iZ-SiK: come
(04:45 / Allies) ChioDoS-iZ-SiK: guys..
(05:22 / Allies) peonthings: u always ruin the pull
(05:33 / Allies) 6THGRADEDROPOUT: ITS NOT WORLD OF WARCRAF TLOL
(05:44 / Allies) ChioDoS-iZ-SiK: what r u talking about lol
(05:48 / Allies) peonthings: sigh
(05:59 / Allies) ChioDoS-iZ-SiK: sound like a nerd
(06:09 / Allies) peonthings: u sound like a noob
(06:16 / Allies) ChioDoS-iZ-SiK: hardly
(06:25 / Allies) peonthings: lol
(06:51 / Allies) Accension: ill tp
(07:24 / Allies) peonthings: tp?
(07:29 / Allies) Accension: not yet
(07:32 / Allies) Accension: thy running
(07:40 / Allies) peonthings: paly
(07:57 / Allies) Accension: nj
(08:35 / Allies) ChioDoS-iZ-SiK: couil me
(08:45 / Allies) peonthings: will
(09:00 / Allies) ChioDoS-iZ-SiK: b
(11:18 / Allies) ChioDoS-iZ-SiK: red
(11:19 / Allies) ChioDoS-iZ-SiK: gold me
(11:33 / Allies) ChioDoS-iZ-SiK: please
(11:42 / Allies) ChioDoS-iZ-SiK: ?
(11:54 / Allies) peonthings: creep reds
(12:07 / Allies) ChioDoS-iZ-SiK: red gold me
(12:22 / Allies) ChioDoS-iZ-SiK: ??
(12:29 / Allies) ChioDoS-iZ-SiK: u have 2.3k..?
(12:35 / Allies) peonthings: pumping now
(12:45 / Allies) ChioDoS-iZ-SiK: i have no gold to buidl units wtf..
(13:02 / Allies) ChioDoS-iZ-SiK: red gimme gold i helped u clear mine
(13:20 / Allies) 6THGRADEDROPOUT: naw
(13:23 / Allies) ChioDoS-iZ-SiK: ty
(13:24 / Allies) 6THGRADEDROPOUT: we gonna get raped
(13:59 / Allies) ChioDoS-iZ-SiK: nice
(14:05 / Allies) ChioDoS-iZ-SiK: come red
(14:14 / Allies) peonthings: omw
(14:40 / Allies) ChioDoS-iZ-SiK: im out
(14:59 / Allies) ChioDoS-iZ-SiK: wheres the destros...
(15:10 / Allies) ChioDoS-iZ-SiK: i need gold.
(15:33 / Allies) Accension: \p,w
(15:35 / Allies) Accension: omw
(15:50 / Allies) peonthings: tping
(17:23 / Allies) Accension: goign
(18:56 / Allies) ChioDoS-iZ-SiK: be rdy to tp
(18:57 / Allies) ChioDoS-iZ-SiK: out
(20:16 / All) ChioDoS-iZ-SiK: gg
(20:18 / All) johnfrusciante-: 2 necs?
(20:20 / All) peonthings: gg
(20:23 / All) johnfrusciante-: thats a joke right
(20:27 / All) 6THGRADEDROPOUT: im the better orc purple
(20:29 / All) 6THGRADEDROPOUT: leave plz